AoeStats
← SKULL_KNIGHT

Arabia

510465206Analyzed
1v1 RM · 3d ago on Oct 1, 2026· 25m 17s· 2 players
Game mode
Random Map
Map size
Tiny (2 player)
Population
200
Speed
Normal
Resources
Standard
Victory
Conquest
Starting age
Dark Age
Ending age
Imperial Age
RankedLock teamsTeams togetherTeam positionsShared explorationLock speedFull tech treeHidden civsTurbo modeCheats
Victory
Defeat
🇨🇴 Ethiopians · Colombia
1383
+16
🇦🇷 Varangians · Argentina
1380
-16
maucame
6:21 Loom
9:08 Feudal Age
10:56 Double-Bit Axe
10:51 Horse Collar
14:49 Fletching
16:15 Town Watch
20:37 Castle Age
19:06 Padded Archer Armor
20:48 Elite Skirmisher
21:24 Bodkin Arrow
22:19 Town Patrol
23:37 Leather Archer Armor
SKULL_KNIGHT
4:32 Loom
7:34 Loom
10:17 Feudal Age
12:27 Fletching
15:42 Padded Archer Armor
16:36 Wheelbarrow
21:37 Castle Age
20:00 Stone Mining
20:54 Forging
20:44 Double-Bit Axe
21:39 Crossbowman
22:20 Bodkin Arrow
24:13 Scale Barding Armor
Connection lost

Rejoining the realm…

Still unreachable

The connection could not be restored.

Session expired

The server has moved on; the page needs a fresh start.